 Dungeon Sprint DCSS version 0.30-a0-49-g1cef19eb02 (webtiles) character file.

Game seed: 11765592806527901736

5041 mhtbhm the Eclecticist (level 10, -4/53 HPs)
             Began as a Deep Elf Earth Elementalist on Sept 2, 2022.
             Was the Champion of Vehumet.
             Slain by a queen bee (11 damage)
             ... in the Dungeon (Sprint III: "The Ten Rune Challenge").
             The game lasted 00:04:57 (1494 turns).

mhtbhm the Eclecticist (DEEE)                       Turns: 1494, Time: 00:04:58

Health: -4/53      AC:  4    Str:  5    XL:     10   Next: 30%
Magic:  36/39      EV: 15    Int: 25    God:    Vehumet [******]
Gold:   34         SH:  0    Dex: 15    Spells: 25/48 levels left

rFire   . . .      SeeInvis .    (no weapon)
rCold   . . .      Faith    .    (no shield)
rNeg    + . .      Spirit   .    a - +2 robe {rN+}
rPois   .          Reflect  .    (no helmet)
rElec   .          Harm     .    (no cloak)
rCorr   .          Rampage  .    (no gloves)
Will    +....      NoTele   +    (no boots)
Stlth   +++.......               (no amulet)
HPRegen 0.17/turn                (no ring)
MPRegen 0.26/turn                (no ring)

@: no status effects
A: high MP 1, sense surroundings 1
a: Renounce Religion


You were in the Dungeon.
You worshipped Vehumet.
Vehumet was exalted by your worship.
You visited 1 branch You collected 34 gold pieces.

Inventory:

Armour
 a - a +2 robe of positive energy (worn)
Wands
 c - a wand of flame (24)
Scrolls
 g - a scroll of blinking
 h - a scroll of immolation {unknown}
 i - 3 scrolls of identify
 l - a scroll of torment {unknown}
Potions
 b - 3 potions of magic
 f - 2 potions of berserk rage
 j - a potion of cancellation {unknown}
 k - 2 potions of flight {unknown}
 m - 3 potions of mutation
 o - a potion of might
Miscellaneous
 p - a lightning rod (inert)


   Skills:
 + Level 2.2 Fighting
 + Level 6.3 Dodging
 + Level 5.9 Stealth
 + Level 19.8 Spellcasting
 + Level 7.9 Conjurations
 + Level 3.0 Transmutations
 + Level 2.1 Fire Magic
 + Level 17.3 Earth Magic
 + Level 1.5 Evocations


You had 25 spell levels left.
You knew the following spells:

 Your Spells              Type           Power      Damage    Failure   Level
a - Sandblast             Erth           100%       2d20      0%          1
b - Passwall              Tmut/Erth      55%        N/A       1%          2
c - Stone Arrow           Conj/Erth      100%       3d13      1%          3
d - Petrify               Tmut/Erth      66%        N/A       1%          4
e - Scorch                Fire           70%        2d8       1%          2
f - Dazzling Flash        Conj/Hex       88%        N/A       1%          3
g - Mephitic Cloud        Conj/Pois/Air  38%        N/A       1%          3
h - Fireball              Conj/Fire      25%        3d11      1%          5

Your spell library contained the following spells:

 Spells                   Type           Power      Damage    Failure   Level
 Fulminant Prism          Conj/Hex       22%        3d13      1%          4
 Searing Ray              Conj           100%       2d8       1%          2
 Static Discharge         Conj/Air       88%        3-9/arc   1%          2
 Olgreb's Toxic Radiance  Pois           24%        N/A       5%          4
 Simulacrum               Ice/Necr       12%        N/A       95%         6
 Ozocubu's Refrigeration  Ice            12%        4d10      97%         7
 Ignition                 Fire           17%        3d7       100%        8


Dungeon Overview and Level Annotations

Branches:
Dungeon (1/1)

Altars:
Cheibriados
Dithmenos
Elyvilon
Fedhas
Gozag
Hepliaklqana
Kikubaaqudgha
Makhleb
Nemelex Xobeh
Okawaru
Qazlal
Ru
Sif Muna
Trog
Uskayaw
Vehumet
Wu Jian
Xom
Yredelemnul
Zin
The Shining One
Jiyva
Lugonu


Innate Abilities, Weirdness & Mutations

You have an increased reservoir of magic. (+10% MP)
You passively map a small area around you.


Message History

Vehumet accepts your kill.
The lightning rod overheats!
The queen bee stings you!
* * * LOW HITPOINT WARNING * * *
Your lightning rod (1/4) has regained one charge.
Unknown command.
Unknown command.
Unknown command.
Aiming: Thunderbolt
Press: ? - help, Shift-Dir - straight line, f - queen bee
Aim: a queen bee (severely wounded)
The thunderbolt hits the queen bee!
The queen bee is almost dead.
The lightning rod overheats!
The queen bee barely misses you.
Unknown command.
Unknown command.
Unknown command.
Unknown command.
The lightning rod is presently inert.
Unknown command.
Unknown command.
Okay, then.
Casting: Stone Arrow (safe; 1% risk of failure)
Confirm with . or Enter, or press ? or * to list all spells.
Okay, then.
Casting: Stone Arrow (safe; 1% risk of failure)
Confirm with . or Enter, or press ? or * to list all spells.
Flames lash the queen bee but do no damage.
The queen bee closely misses you.
Casting: Scorch (safe; 1% risk of failure)
Confirm with . or Enter, or press ? or * to list all spells.
Okay, then.
Casting: Scorch (safe; 1% risk of failure)
Confirm with . or Enter, or press ? or * to list all spells.
Aiming: Sandblast (safe; 0% risk of failure)
Press: ? - help, Shift-Dir - straight line, f/p - queen bee
Aim: a queen bee (almost dead, 85% to hit)
The blast of sand hits the queen bee but does no damage.
The queen bee is almost dead.
The queen bee stings you!
You die...

* , * , * , ~ , , ,, ~ ,
,, * , * , , ~~ ,,* , ,
,,* * , * * * * ** ,
#######################
'.#.)...'.#.#.#†@y.††≈#
,,
#.#.#)..##.#.#.##††.~≈#
**
#.#.#...#.#.#.#.#.†.~≈≈≈
*
#...#.).##.#.#.##...†~~~
▓▓▓▓▓▓▓▓#.#.#.#.#...†...
,,,
..~~~...##.#.#.##.......
*
≈≈≈≈♣♣..'.#.#.#.#.......
♣♣♣♣♣♣PP##.#.#.#########
♣♣♣##+##### *


You could see a queen bee.

Vanquished Creatures
  Snorg (D)
  A centaur warrior (D)
  A deep elf pyromancer (D)
  An unseen horror (D)
  3 wandering mushrooms (D)
  A shadow (D)
  A spatial vortex (D)
  A centaur (D)
  An earth elemental (D)
  A scorpion (D)
  A water elemental (D)
  A necrophage (D)
  32 killer bees (D)
  A jelly (D)
  Jessica (D)
  A wizard (D)
  A necromancer (D)
  3 humans (D)
  A kobold demonologist (D)
  An endoplasm (D)
  2 rats (D)
57 creatures vanquished.

Vanquished Creatures (others)
  A centaur (D)
  A plant (D)
2 creatures vanquished.

Grand Total: 59 creatures vanquished

Notes
Turn   | Place    | Note
-------+----------+-------------------------------------------
     0 | D        | mhtbhm the Deep Elf Earth Elementalist began the quest for
                  | the Orb.
     0 | D        | Reached XP level 1. HP: 10/10 MP: 6/6
    37 | D        | Noticed Jessica
    39 | D        | Killed Jessica
    40 | D        | Reached skill level 4 in Spellcasting
    40 | D        | Reached XP level 2. HP: 15/15 MP: 5/9
    41 | D        | Reached XP level 3. HP: 19/19 MP: 4/11
    44 | D        | Learned a level 2 spell: Passwall
    48 | D        | Learned a level 3 spell: Stone Arrow
   141 | D        | Gained mutation: You passively map a small area around you.
                  | [potion of mutation]
   141 | D        | Gained mutation: You have an increased reservoir of magic.
                  | (+10% MP) [potion of mutation]
   150 | D        | Noticed a scorpion
   155 | D        | Killed a scorpion
   156 | D        | Reached skill level 6 in Spellcasting
   156 | D        | Reached XP level 4. HP: 24/24 MP: 8/15
   207 | D        | Learned a level 4 spell: Petrify
   273 | D        | Noticed a water elemental
   278 | D        | Killed a water elemental
   279 | D        | Reached skill level 8 in Spellcasting
   279 | D        | Reached XP level 5. HP: 28/28 MP: 12/19
   332 | D        | Found a radiant altar of Vehumet.
   332 | D        | Found a shimmering blue altar of Sif Muna.
   332 | D        | Found an ancient bone altar of Kikubaaqudgha.
   335 | D        | Reached skill level 10 in Earth Magic
   338 | D        | Became a worshipper of Vehumet
   342 | D        | Got Saanluke's Commentary on Icy Blows and Bruises
   359 | D        | Found a basalt altar of Yredelemnul.
   359 | D        | Found a shadowy altar of Dithmenos.
   359 | D        | Found a sacrificial altar of Ru.
   362 | D        | Reached skill level 9 in Spellcasting
   364 | D        | Reached XP level 6. HP: 15/32 MP: 16/22
   532 | D        | Found a glowing silver altar of Zin.
   532 | D        | Found a glowing golden altar of the Shining One.
   532 | D        | Found a white marble altar of Elyvilon.
   532 | D        | Noticed a deep elf pyromancer
   535 | D        | Killed a deep elf pyromancer
   535 | D        | Reached * piety under Vehumet
   535 | D        | Offered knowledge of Magic Dart by Vehumet.
   536 | D        | Reached skill level 5 in Dodging
   536 | D        | Reached skill level 5 in Stealth
   536 | D        | Reached skill level 12 in Spellcasting
   536 | D        | Reached XP level 7. HP: 36/36 MP: 17/27
   586 | D        | Found a hide-covered altar of Uskayaw.
   586 | D        | Found an iron altar of Okawaru.
   586 | D        | Found a bloodstained altar of Trog.
   586 | D        | Found an ornate altar of the Wu Jian Council.
   586 | D        | Noticed a human
   586 | D        | Noticed a human
   590 | D        | Killed a human
   591 | D        | Reached skill level 13 in Spellcasting
   591 | D        | Killed a human
   592 | D        | Reached skill level 14 in Spellcasting
   592 | D        | Reached XP level 8. HP: 38/41 MP: 23/30
   629 | D        | Reached ** piety under Vehumet
   735 | D        | Offered knowledge of Scorch by Vehumet.
   746 | D        | Found a blossoming altar of Fedhas.
   746 | D        | Found a stormy altar of Qazlal.
   746 | D        | Found a snail-covered altar of Cheibriados.
   746 | D        | Found a burning altar of Makhleb.
   746 | D        | Found a shimmering altar of Xom.
   747 | D        | Found a hazy altar of Hepliaklqana.
   747 | D        | Found an opulent altar of Gozag.
   747 | D        | Found a sparkling altar of Nemelex Xobeh.
   747 | D        | Found a corrupted altar of Lugonu.
   747 | D        | Found a viscous altar of Jiyva.
   751 | D        | Reached skill level 15 in Spellcasting
   815 | D        | Noticed Snorg
   819 | D        | Learned a level 2 spell: Scorch
   841 | D        | Killed Snorg
   841 | D        | Offered knowledge of Dazzling Flash by Vehumet.
   842 | D        | Reached skill level 1 in Fighting
   842 | D        | Reached skill level 16 in Spellcasting
   842 | D        | Reached skill level 1 in Fire Magic
   842 | D        | Reached skill level 15 in Earth Magic
   842 | D        | Reached XP level 9. HP: 47/47 MP: 7/34
   984 | D        | Reached *** piety under Vehumet
  1061 | D        | Learned a level 3 spell: Dazzling Flash
  1070 | D        | Noticed a centaur warrior
  1080 | D        | Killed a centaur warrior
  1080 | D        | Offered knowledge of Mephitic Cloud by Vehumet.
  1081 | D        | Reached skill level 17 in Spellcasting
  1081 | D        | Reached skill level 5 in Conjurations
  1306 | D        | Learned a level 3 spell: Mephitic Cloud
  1318 | D        | Killed an unseen horror
  1319 | D        | Reached skill level 18 in Spellcasting
  1352 | D        | Noticed a wandering mushroom
  1357 | D        | Noticed a wandering mushroom
  1361 | D        | Killed a wandering mushroom
  1361 | D        | Reached **** piety under Vehumet
  1363 | D        | Noticed a wandering mushroom
  1367 | D        | Killed a wandering mushroom
  1367 | D        | Offered knowledge of Fireball by Vehumet.
  1371 | D        | Killed a wandering mushroom
  1378 | D        | Learned a level 5 spell: Fireball
  1396 | D        | Reached ***** piety under Vehumet
  1396 | D        | Offered knowledge of Fulminant Prism by Vehumet.
  1398 | D        | Reached skill level 19 in Spellcasting
  1398 | D        | Reached XP level 10. HP: 53/53 MP: 38/38
  1398 | D        | Reached ****** piety under Vehumet
  1399 | D        | Reached skill level 1 in Evocations
  1494 | D        | Slain by a queen bee

Illustrated notes

Levels and vault maps discovered:
D:        dungeon_sprint_mu [sprint_mu_entry_forest, sprint_mu_temple_rooms,
          sprint_mu_d1_horrors, sprint_mu_d2_genie, sprint_mu_d3_branching,
          sprint_mu_orc_legion, sprint_mu_elf_gauntlet, sprint_mu_hive_nellie,
          sprint_mu_lair_fedhas, sprint_mu_vaults_butterflies,
          sprint_mu_slime_circle, sprint_mu_shoals_archi,
          sprint_mu_snake_twists, sprint_mu_blade_basic, sprint_mu_crypt_lich,
          sprint_mu_tomb_spiral, sprint_mu_vestibule_basic,
          sprint_mu_gehenna_hellfire, sprint_mu_dis_giant,
          sprint_mu_tartarus_statrot, sprint_mu_cocytus_islands, sprint_mu_zot1]

Skill      XL: |  1  2  3  4  5  6  7  8  9 10 |
---------------+-------------------------------+-----
Dodging        | 3 4 5 6 |  6.3
Stealth        | 3 4 5 |  5.9
Spellcasting   | 4 6 8 9 12 14 16 19 | 19.8
Earth Magic    | 6 7 9 10 13 15 16 17 | 17.3
Transmutations | 2 3 |  3.0
Conjurations   | 2 4 7 |  7.9
Fighting       | 1 2 |  2.2
Fire Magic     | 1 2 |  2.1
Evocations     | 1 |  1.5

Action                   |  1- 3 |  4- 6 |  7- 9 | 10-12 || total
-------------------------+-------+-------+-------+-------++-------
Melee: Unarmed           |       |       |     1 |       ||     1
 Cast: Sandblast         |     9 |    12 |    22 |     1 ||    44
       Passwall          |     1 |       |       |       ||     1
       Stone Arrow       |       |     3 |    22 |       ||    25
       Scorch            |       |       |     1 |     1 ||     2
       Petrify           |       |       |     1 |       ||     1
       Dazzling Flash    |       |       |     1 |       ||     1
Evoke: Lightning rod     |       |       |     3 |     7 ||    10
  Use: Potion            |     2 |       |     2 |     1 ||     5
Armor: Robe              |     1 |       |     4 |       ||     5
Dodge: Dodged            |     1 |     3 |    14 |     7 ||    25

Table legend: (Time is in decaauts)
 A = Elapsed time spent in this place.
 B = Non-inter-level travel time spent in this place.
 C = Inter-level travel time spent in this place.
 D = Time resting spent in this place.
 E = Time spent auto-exploring this place.
 F = Levels seen in this place.
 G = Mean time per level.
                   A        B        C        D        E       F      G
               +--------+--------+--------+--------+--------+-----+--------+
         Total |   1502 |   1502 |      0 |   1067 |      1 |   1 | 1502.0 |
       Dungeon |   1502 |   1502 |      0 |   1067 |      1 |   1 | 1502.0 |
               +--------+--------+--------+--------+--------+-----+--------+

Top non-repeatable levels by time:
       D: 1502 daAuts
